 Dungeon Crawl Stone Soup version 0.27-a0-797-g27d10ad80f (webtiles) character file.

Game seed: 16680405935804305587

25 Lanoc the Skirmisher (level 2, -3/24 HPs)
             Began as a Demonspawn Abyssal Knight on Mar 28, 2021.
             Was a Follower of Lugonu.
             Slain by an adder (5 damage)
             ... on level 1 of the Dungeon.
             The game lasted 00:01:33 (1175 turns).

Lanoc the Skirmisher (Demonspawn Abyssal Knight)    Turns: 1175, Time: 00:01:34

Health: -3/24      AC:  3    Str: 12    XL:     2   Next: 82%
Magic:  4/4        EV: 11    Int: 13    God:    Lugonu [*.....]
Gold:   40         SH:  0    Dex: 12    Spells: 1/1 levels left

rFire    + . .     SeeInvis .   a - +1 spear
rCold    + . .     Faith    .   (no shield)
rNeg     . . .     Spirit   .   b - +0 leather armour
rPois    +         Reflect  .   (no helmet)
rElec    +         Harm     .   (no cloak)
rCorr    +         Rampage  .   (no gloves)
Will     .....                  (no boots)
Stlth    +.........             (no amulet)
HPRegen  0.08/turn              (no ring)
MPRegen  0.09/turn              (no ring)

@: resistant
A: foul stench 1
a: Renounce Religion, Depart the Abyss


You were on level 1 of the Dungeon.
You worshipped Lugonu.
Lugonu was aware of your devotion.
You visited 1 branch of the dungeon, and saw 2 of its levels.
You visited the Abyss 1 time.

You collected 40 gold pieces.

Inventory:

Hand Weapons
 a - a +1 spear (weapon)
Armour
 b - a +0 leather armour (worn)
Scrolls
 c - 2 scrolls of identify {unknown}
 d - 2 scrolls of amnesia {unknown}
 f - a scroll of teleportation {unknown}


   Skills:
 + Level 3.3 Fighting
 - Level 1.7 Polearms
 + Level 2.1 Armour
 + Level 1.4 Dodging
 + Level 3.0 Invocations


You had one spell level left.
You didn't know any spells.
Your spell library was empty.

Dungeon Overview and Level Annotations

Branches:
Dungeon (2/15)

Altars:


Innate Abilities, Weirdness & Mutations

You may rarely emit foul miasma when damaged in melee.


Message History

You climb downwards.
An adder, 2 jackals and a kobold come into view.
Found a scroll labelled BIATAN BIOCILAK.
There is a stone staircase leading up here.
The jackal barks! x2
The jackal bites you.
There is a stone staircase leading up here.
You can't go down here!
The jackal closely misses you. The jackal bites you. The adder bites you.
The jackal bites you but does no damage.
The jackal misses you.
You climb upwards.
There is a stone staircase leading down here.
You barely miss the adder. The adder bites you. The jackal misses you.
The jackal bites you but does no damage.
The jackal completely misses you. The adder bites you.
You are poisoned.
The adder poisons you!
The jackal bites you but does no damage.
You feel sick. The jackal bites you.
The jackal bites you but does no damage.
You feel sick.
You feel sick.
The jackal bites you but does no damage.
You feel sick.
You hit the adder but do no damage.
You feel sick.
You are no longer poisoned.
The adder bites you.
* * * LOW HITPOINT WARNING * * *
You closely miss the adder. The adder barely misses you. x2
It was a potion of resistance.
You feel protected. The adder bites you.
* * * LOW HITPOINT WARNING * * *
You miss the adder. The adder bites you.
* * * LOW HITPOINT WARNING * * *
You hit the adder.
The adder is lightly wounded.
The adder barely misses you. The adder bites you.
You die...

..# ###.###....# ..#
#.......#..#
###############..#
..##............>##
..##.###..........#
..##.###..#.....#.###
..##.##...##...##h..##
..##.#....###.###Sh..#
..##)#.###.##.##@###.#
..##.#..###.#.#.###..#
..)......####.####...#
..###........<.......#
..# #....####.####...#
### #...###.#.#.###..#
#..###.##.##.###.#
#.....###.###....#
#.....##...##...##


You could see an adder and 2 jackals.

Vanquished Creatures
  A dart slug (D:1)
  A ball python (D:1)
  4 endoplasms (D:1)
  A giant cockroach (D:1)
  2 goblins (D:1)
  2 hobgoblins (D:1)
  3 quokkas (D:1)
  2 bats (D:1)
  A frilled lizard (D:1)
  3 rats (D:1)
20 creatures vanquished.

Notes
Turn   | Place    | Note
-------+----------+-------------------------------------------
     0 | Abyss:1  | Lanoc the Demonspawn Abyssal Knight began the quest for the
                  | Orb.
     0 | Abyss:1  | Reached XP level 1. HP: 18/18 MP: 2/2
    46 | Abyss:1  | Noticed an ophan
    46 | Abyss:1  | Noticed a cane toad skeleton
    47 | D:1      | Escaped the Abyss
   113 | D:1      | Reached skill level 1 in Dodging
   286 | D:1      | Gained mutation: You may rarely emit foul miasma when
                  | damaged in melee. [demonic ancestry]
   286 | D:1      | Reached XP level 2. HP: 13/24 MP: 4/4
   454 | D:1      | Reached * piety under Lugonu
  1175 | D:1      | Slain by an adder

Illustrated notes

Levels and vault maps discovered:
D:1:      roderic_crossed_star, layout_basic, minmay_misc_feat_tower,
          hangedman_decor_diamond_cutter, minmay_misc_feat_pillars
D:2:      layout_rooms, serial_shops, shop, nemelex_dance_club_becter

Skill      XL: |  1  2 |
---------------+-------+-----
Dodging        | 1 |  1.4
Armour         | 2 |  2.1
Invocations    | 3 |  3.0
Fighting       | |  3.3
Polearms       | |  1.7

Action                   || total
-------------------------++-------
Melee: Spear             ||    63
Invok: Depart the Abyss  ||     1
  Use: Potion            ||     1
Armor: Leather armour    ||    13
Dodge: Dodged            ||    27

Table legend: (Time is in decaauts)
 A = Elapsed time spent in this place.
 B = Non-inter-level travel time spent in this place.
 C = Inter-level travel time spent in this place.
 D = Time resting spent in this place.
 E = Time spent auto-exploring this place.
 F = Levels seen in this place.
 G = Mean time per level.
                   A        B        C        D        E       F      G
               +--------+--------+--------+--------+--------+-----+--------+
         Total |   1175 |   1154 |     21 |      0 |   1013 |   3 |  391.7 |
       Dungeon |   1128 |   1107 |     21 |      0 |    967 |   2 |  564.0 |
         Abyss |     47 |     47 |      0 |      0 |     46 |   1 |   47.0 |
               +--------+--------+--------+--------+--------+-----+--------+

Top non-repeatable levels by time:
     D:1: 1122 daAuts
 Abyss:1: 47 daAuts
     D:2: 5 daAuts
